 Dungeon Crawl Stone Soup version 0.31-a0-978-g1e143483b6 (webtiles) character file.

Game seed: 13095561662034618474

1952723 Gladio the Impregnable (level 26, 276/276 HPs)
             Began as an Armataur Fighter on Oct 29, 2023.
             Was the Champion of Jiyva.
             Escaped with the Orb
             ... and 3 runes on Oct 30, 2023!
             The game lasted 03:24:20 (51686 turns).

Gladio the Impregnable (Armataur Fighter)          Turns: 51686, Time: 03:24:20

Health: 276/276    AC: 55    Str: 33    XL:     26   Next: 58%
Magic:  30/30      EV:  9    Int:  7    God:    Jiyva [******]
Gold:   1940       SH: 41    Dex: 21    Spells: 25/25 levels left

rFire   + + .        O - +7 broad axe (flame)
rCold   + + .        K - +10 tower shield of Ignorance {rN+ Int-4}
rNeg    + + .        n - +9 scales of the Dragon King {rPois rF+ rC+ Will+}
rPois   +            X - +3 hat of Pondering {ponderous, Will+ MP+10 Int+5}
rElec   .            F - +2 cloak
rCorr   +            k - +2 pair of gloves {Dex+3}
SInv    .            L - +1 barding of Fun {rPois Will+ rCorr Int+4 Dex-4}
Will    +++++        Q - amulet of reflection Stlth
                     M - ring "Segepnys" {rPois rC+ rN+ Str+3 Int-5}
HPRegen 2.26/turn    H - ring "Sirphuvae" {Contam rF+ Will+ EV+5 Dex+3 Slay+3}
MPRegen 0.72/turn

%: reflection, roll
@: studying Staves, slow
A: large, rugged brown scales 3, deformed body, armoured tail, roll, long
tongue, awkward tongue, stinger 1, iridescent scales 1, agile 2, low MP 1, sense
surroundings 1, wild magic 1, evolution 1
0: Orb of Zot
}: 3/15 runes: decaying, serpentine, slimy
a: Renounce Religion, Oozemancy, Slimify


You escaped.
You worshipped Jiyva.
Jiyva was exalted by your worship.
You visited 11 branches of the dungeon, and saw 54 of its levels.
You also visited: Bailey and Gauntlet.

You collected 4886 gold pieces.
You spent 2946 gold pieces at shops.

Inventory:

Hand Weapons
 O - a +7 broad axe of flaming (weapon)
Missiles
 d - 12 silver javelins (quivered)
 m - 25 boomerangs
 S - 3 throwing nets
 T - 7 javelins
Armour
 k - a +2 pair of gloves of dexterity (worn)
 n - the +9 scales of the Dragon King (worn) {rPois rF+ rC+ Will+}
   (You found it on level 1 of the Depths)

   rF+:       It protects you from fire.
   rC+:       It protects you from cold.
   rPois:     It protects you from poison Will+: It increases your willpower.
 F - a +2 cloak (worn)
 K - the +10 tower shield of Ignorance (worn) {rN+ Int-4}
   (You found it on level 5 of the Pits of Slime)

   Int-4:     It affects your intelligence (-4).
   rN+:       It protects you from negative energy.
 L - the +1 barding of Fun (worn) {rPois Will+ rCorr Int+4 Dex-4}
   (You acquired it on level 4 of the Swamp)

   Int+4:     It affects your intelligence (+4).
   Dex-4:     It affects your dexterity (-4).
   rPois:     It protects you from poison Will+: It increases your willpower.
   rCorr:     It protects you from acid and corrosion.
 R - +3 storm dragon scales {Bai Suzhen}
 X - the +3 hat of Pondering (worn) {ponderous, Will+ MP+10 Int+5}
   (You found it in a Gauntlet)

   Int+5:     It affects your intelligence (+5).
   Will+:     It increases your willpower.
   MP+10:     It affects your magic capacity (+10).
Jewellery
 s - a ring of see invisible
 x - the ring "Tonkef" {rElec rN+ EV+5 Str+4}
   (You took it off a deep elf demonologist on level 3 of the Elven Halls)

   [ring of evasion]

   EV+5:      It affects your evasion (+5).
   Str+4:     It affects your strength (+4).
   rElec:     It insulates you from electricity.
   rN+:       It protects you from negative energy.
 E - a +4 ring of protection
 H - the ring "Sirphuvae" (right hand) {Contam rF+ Will+ EV+5 Dex+3 Slay+3}
   (You acquired it on level 2 of the Depths)

   [ring of evasion]

   EV+5:      It affects your evasion (+5).
   Dex+3:     It affects your dexterity (+3).
   Slay+3:    It affects your accuracy & damage with ranged weapons and melee
   (+3).
   rF+:       It protects you from fire.
   Will+:     It increases your willpower.
   Contam:    It causes magical contamination when unequipped.
 M - the ring "Segepnys" (left hand) {rPois rC+ rN+ Str+3 Int-5}
   (You acquired it on level 1 of the Depths)

   [ring of positive energy]

   Str+3:     It affects your strength (+3).
   Int-5:     It affects your intelligence (-5).
   rC+:       It protects you from cold.
   rPois:     It protects you from poison rN+: It protects you from negative
   energy.
 Q - an amulet of reflection (around neck)
 Z - a ring of willpower
Wands
 D - a wand of roots (47)
 G - a wand of quicksilver (24)
 U - a wand of charming (13)
 W - a wand of digging (9)
Scrolls
 e - 7 scrolls of noise
 f - a scroll of silence
 g - 5 scrolls of brand weapon
 h - 16 scrolls of teleportation
 i - 5 scrolls of blinking
 j - a scroll of torment
 q - 7 scrolls of immolation
 y - 7 scrolls of fog
 B - 8 scrolls of identify
 I - 5 scrolls of fear
 P - 6 scrolls of poison
 V - a scroll of vulnerability
Potions
 a - 8 potions of curing
 b - 3 potions of might
 c - 5 potions of lignification
 o - 8 potions of magic
 p - a potion of mutation
 r - 6 potions of enlightenment
 t - 2 potions of berserk rage
 u - 11 potions of resistance
 v - 2 potions of haste
 w - 2 potions of invisibility
 z - a potion of heal wounds
 A - 2 potions of cancellation
Miscellaneous
 l - a sack of spiders
 C - a phial of floods
 J - a phantom mirror
 N - a tin of tremorstones (2/2)
 Y - a lightning rod (4/4)


   Skills:
 * Level 25.1 Fighting
 - Level 15.6(18.0) Axes
 - Level 16.0(19.0) Maces & Flails
 + Level 26.8 Armour
 + Level 25.6 Shields
 - Level 8.0 Evocations


You had 25 spell levels left.
You didn't know any spells.
Your spell library contained the following spells:

 Spells                   Type           Power      Damage    Failure   Level
 Magic Dart               Conj           0%         1d3       96%         1
 Necrotise                Necr           0%         1d4       96%         1
 Sandblast                Erth           0%         2d4       96%         1
 Shock                    Conj/Air       0%         1d3       96%         1
 Slow                     Hex            0%         N/A       96%         1
 Blink                    Tloc           0%         N/A       99%         2
 Call Imp                 Summ           0%         N/A       99%         2
 Cigotuvi's Dreadful Rot  Necr/Pois/Air  0%         N/A       99%         2
 Ensorcelled Hibernation  Hex/Ice        0%         N/A       99%         2
 Jinxbite                 Hex            0%         N/A       99%         2
 Lesser Beckoning         Tloc           0%         N/A       99%         2
 Momentum Strike          Conj/Tloc      0%         3d8       99%         2
 Passwall                 Tmut/Erth      0%         N/A       99%         2
 Poisonous Vapours        Pois/Air       0%         N/A       99%         2
 Scorch                   Fire           0%         2d5       99%         2
 Sublimation of Blood     Necr           0%         N/A       99%         2
 Wereblood                Tmut           0%         N/A       99%         2
 Confusing Touch          Hex            0%         N/A       100%        3
 Gell's Gravitas          Tloc           0%         N/A       100%        3
 Hailstorm                Conj/Ice       0%         3d3       100%        3
 Ignite Poison            Fire/Tmut/Pois 0%         N/A       100%        3
 Inner Flame              Hex/Fire       0%         N/A       100%        3
 Mephitic Cloud           Conj/Pois/Air  0%         N/A       100%        3
 Ozocubu's Armour         Ice            0%         N/A       100%        3
 Sigil of Binding         Hex            0%         N/A       100%        3
 Stone Arrow              Conj/Erth      0%         3d7       100%        3
 Swiftness                Air            0%         N/A       100%        3
 Teleport Other           Tloc           0%         N/A       100%        3
 Tukima's Dance           Hex            0%         N/A       100%        3
 Vampiric Draining        Necr           0%         2d6       100%        3
 Volatile Blastmotes      Fire/Tloc      0%         2d10      100%        3
 Airstrike                Air            0%         2d(0-16)  100%        4
 Anguish                  Hex/Necr       0%         N/A       100%        4
 Animate Dead             Necr           0%         N/A       100%        4
 Brom's Barrelling Bould  Conj/Erth      0%         2d3       100%        4
 Cause Fear               Hex            0%         N/A       100%        4
 Dispel Undead            Necr           0%         3d6       100%        4
 Flame Wave               Conj/Fire      0%         2d4       100%        4
 Manifold Assault         Tloc           0%         N/A       100%        4
 Passage of Golubria      Tloc           0%         N/A       100%        4
 Sticky Flame             Conj/Fire      0%         2d3       100%        4
 Summon Ice Beast         Ice/Summ       0%         N/A       100%        4
 Summon Lightning Spire   Summ/Air       0%         N/A       100%        4
 Vhi's Electric Charge    Tloc/Air       0%         N/A       100%        4
 Agony                    Necr           0%         N/A       100%        5
 Alistair's Intoxication  Tmut/Pois      0%         N/A       100%        5
 Arcjolt                  Conj/Air       0%         1d10      100%        5
 Borgnjor's Vile Clutch   Necr/Erth      0%         N/A       100%        5
 Fireball                 Conj/Fire      0%         3d3       100%        5
 Freezing Cloud           Conj/Ice/Air   0%         6-21      100%        5
 Irradiate                Conj/Tmut      0%         3d11      100%        5
 Metabolic Englaciation   Hex/Ice        0%         N/A       100%        5
 Summon Forest            Summ/Tloc      0%         N/A       100%        5
 Yara's Violent Unravell  Hex/Tmut       0%         3d3       100%        5
 Death Channel            Necr           0%         N/A       100%        6
 Eringya's Noxious Bog    Tmut/Pois      0%         4d6       100%        6
 Simulacrum               Ice/Necr       0%         N/A       100%        6
 Summon Cactus Giant      Summ           0%         N/A       100%        6
 Enfeeble                 Hex            0%         N/A       100%        7
 Malign Gateway           Summ/Tloc      0%         N/A       100%        7
 Ozocubu's Refrigeration  Ice            0%         4d7       100%        7
 Summon Hydra             Summ           0%         N/A       100%        7
 Infestation              Necr           0%         N/A       100%        8
 Maxwell's Capacitive Co  Air            0%         ∞         100%        8
 Chain Lightning          Conj/Air       0%         N/A       100%        9
 Fire Storm               Conj/Fire      0%         5d1       100%        9
 Shatter                  Erth           0%         3d5*      100%        9


Dungeon Overview and Level Annotations

Branches:
Dungeon (15/15)            Temple (0/1) D:7            Lair (5/5) D:8
  Swamp (4/4) Lair:3        Snake (4/4) Lair:3        Slime (5/5) Lair:5
    Orc (2/2) D:9             Elf (3/3) Orc:2        Vaults (4/5) D:14
  Crypt (3/3) Vaults:2       Tomb (0/3) Crypt:3      Depths (4/4) D:15
    Zot (5/5) Depths:4     Bailey (visited)         Gauntlet (visited)

Altars:
Cheibriados
Dithmenos
Elyvilon
Fedhas
Gozag
Kikubaaqudgha
Nemelex Xobeh
Qazlal
Sif Muna
Uskayaw
Vehumet
Wu Jian
Xom
Yredelemnul
Zin
The Shining One
Jiyva
Lugonu

Shops:
D:2 [   D:14 (   Orc:2 =(*[   Elf:1 *(?   Snake:1 *   Snake:4 ?   Vaults:2 *
Vaults:4 (   Depths:1 ::=   Depths:2 [

Portals:
Hell: Depths:1 Depths:2 Depths:3 Depths:4
Abyss: Depths:3
Pandemonium: Depths:2
Ziggurat: Depths:2
Trove: D:13 (give 16 potions of curing)

Annotations:
D:6 3 runed translucent doors, Bnni's ghost, novice HOMo
Slime:5 Royal Jelly
Depths:3 1 runed translucent door
Zot:5 1 exclusion
Abyss:1 Roxanne


Innate Abilities, Weirdness & Mutations

You are completely covered in rugged brown scales. (AC +3, +7% HP)
Armour fits poorly on your strangely shaped body.
You have a long armoured tail.
You roll when moving toward enemies. (Rampage)
Your long tongue fully drains potion bottles. (2x potion effects)
Your tongue gives you trouble enunciating. (1.5x scroll delay)
Your tail ends in a venomous barb.
You are partially covered in iridescent scales. (AC +2)
You are very agile. (Dex +8, Str/Int -2)
Your magical capacity is low. (-10% MP)
You passively map a small area around you.
Your spells are a little harder to cast, but a little more powerful.
You have hidden genetic potential.


Message History

You miss something. You tail-slap something! You block something's attack.
You hit something. You open something like a pillowcase!!! You burn something.
Reactivating autopickup.
You feel a bit more experienced.
HP restored.
A hellion comes into view.
The hellion gestures at you.
The sphere of damnation explodes!
The damnation engulfs you!! The hellion gestures at you.
The sphere of damnation explodes!
The damnation engulfs you!
You slice the hellion like a ripe choko!!!
You burn the hellion!!
You kill the hellion!
No target in view!
No target in view!
A red devil comes into view.
It is wielding a +0 demon trident of venom.
The red devil hits you but does no damage.
You block the red devil's attack.
You slice the red devil!!
You kill the red devil!
No target in view!
You hear a series of splatters.
Aiming: Dig
Press: ? - help, Q - select action, (/) - cycle Shift-Dir - straight line You can't see that place.
The rock shatters into small pieces.
Jiyva says: Divide and consume!
Aiming: Dig
Press: ? - help, Q - select action, (/) - cycle Shift-Dir - straight line You can't see that place. [a rock wall.]
The rock shatters into small pieces.
Unknown command.
You hear a distant slurping noise.
There is a staircase leading out of the dungeon here.
There is a staircase leading out of the dungeon here.
Clearing monster memory.
There is a staircase leading out of the dungeon here.
You have escaped!

#.# #.........#
#.# ##...####.#
#.# ##..#.##.#
#.# #.>#....#
### #.#
####.#### #8#
####.# #.# ##.##
#8##.# #.#
##.#.## ##.##.#
#.# #
##.###.###.#.#@#
#.# ###.##
##.#.###..# #.#
.#.## ##.## #8.#
#.# #.## #8#
##.# #.# #8# ###
#.# #.# ### ###
#.#### #.....
######


There were no monsters in sight!

Vanquished Creatures
  2 dread liches (Zot:5)
  3 ancient liches
  7 orbs of fire
  2 juggernauts (Depths:3)
  Sojobo (Vaults:3)
  Boris (Crypt:1)
  4 Killer Klowns
  Bai Suzhen (Snake:3)
  Saint Roka (Elf:3)
  Vashnia (Snake:3)
  2 curse toes
  2 caustic shrikes (Depths:4)
  Margery (Depths:3)
  Nikola (Vaults:1)
  2 bone dragons
  Norris (Elf:2)
  5 golden dragons
  the Enchantress (Depths:2)
  7 electric golems
  Jorgrun (Elf:2)
  19 tentacled monstrosities
  Zenata (Vaults:1)
  6 liches
  Rupert (Lair:3)
  A walking crystal tome (Depths:1)
  24 Orb Guardians (Zot:5)
  A walking earthen tome (Depths:2)
  Asterion (Vaults:1)
  A shard shrike skeleton (Crypt:3)
  2 deep elf blademasters (Elf:3)
  10 quicksilver dragons
  7 sphinxes
  8 ancient champions
  2 deep elf master archers (Elf:3)
  An Executioner (Zot:5)
  Gastronok (D:12)
  Kirke (Swamp:3)
  13 death cobs
  15 storm dragons
  10 draconian monks
  4 shadow dragons
  5 tengu reavers
  3 revenants
  18 nagarajas
  6 frost giants
  3 fire giants
  Louise (D:15)
  2 deep elf elementalists (Elf:3)
  3 iron dragons
  3 draconian knights
  10 vault wardens
  3 ghost moths
  5 ghouls
  2 deep elf sorcerers
  7 draconian shifters
  8 draconian scorchers
  2 curse skulls (Crypt:3)
  11 draconian annihilators
  A caustic shrike zombie (Crypt:2)
  7 stone giants
  4 spriggan defenders
  A draconian stormcaller (Zot:4)
  2 orc warlords
  11 ironbound preservers
  A caustic shrike skeleton (Crypt:1)
  9 ironbound thunderhulks
  A demonspawn blood saint (D:3)
  A juggernaut skeleton (Crypt:2)
  38 very ugly things
  A war gargoyle (Vaults:1)
  18 black draconians
  A rockslime zombie (Crypt:3)
  4 vampire knights
  A lorocyproca (D:1)
  7 deep elf demonologists (Elf:3)
  8 eleionomae
  13 green draconians
  15 purple draconians
  8 red draconians
  9 deep elf annihilators
  A demonspawn black sun (D:3)
  4 dire elephants (Vaults:4)
  3 spark wasps (Depths:1)
  12 yellow draconians
  8 white draconians
  10 eidola
  15 deep elf death magi
  Snorg (Lair:3)
  A crystal guardian (Vaults:4)
  Josephine (D:9)
  A green death (Gauntlet)
  4 deep elf high priests (Elf:3)
  8 jiangshi
  7 yaktaur captains
  4 fire dragons
  A shambling mangrove (Swamp:4)
  8 ettins
  3 salamander tyrants
  2 rakshasas (Depths:3)
  A vault guard (Vaults:1)
  11 hydras
  11 spriggan air magi
  4 catoblepae
  12 ice dragons
  2 peacekeepers
  A quicksilver dragon skeleton (Crypt:1)
  10 anacondas
  A two-headed ogre (D:13)
  A ghost crab (Swamp:3)
  5 spriggan skeletons
  2 death knights (Crypt:1)
  A sphinx zombie (Crypt:2)
  6 boulder beetles
  5 ironbound frosthearts
  4 centaur warriors
  10 alligators
  35 dancing weapons
  8 death yaks (Lair:5)
  6 deep troll shamans
  10 tengu warriors
  Urug (Lair:2)
  15 naga warriors
  8 deep troll earth magi
  4 orc high priests
  4 vampire magi
  17 naga sharpshooters
  6 spriggan berserkers
  24 hell knights
  2 sun demons
  21 deep elf knights
  3 shock serpents
  3 skysharks (Elf:2)
  6 soul eaters
  4 iron trolls
  3 sixfirhies
  4 salamander mystics
  A storm dragon zombie (Crypt:1)
  A bunyip zombie (Crypt:1)
  8 goliath frogs
  2 titan skeletons
  59 skeletal warriors
  2 death drakes
  6 shadow wraiths
  59 deep trolls
  A fire crab (Lair:3)
  8 phantasmal warriors
  3 sea snakes (Snake:2)
  6 bog bodies
  6 spriggan druids
  4 naga ritualists
  9 deep elf archers
  2 flayed ghosts
  10 orc knights
  5 lindwurms
  A large abomination (D:3)
  4 swamp dragons
  8 ironbound convokers
  7 mana vipers
  8 arcanists
  10 necromancers
  2 bunyip skeletons (Crypt:3)
  23 deep elf pyromancers
  36 ugly things
  8 orc sorcerers
  14 deep elf zephyrmancers
  27 moths of wrath
  2 cyclopes (D:12)
  3 manticores
  16 elephants
  A centaur zombie (Crypt:2)
  An iron dragon skeleton (Crypt:1)
  An elephant (shapeshifter) (Elf:3)
  A shock serpent zombie (Crypt:2)
  15 salamanders
  5 will-o-the-wisps
  6 guardian serpents
  8 naga magi
  A fire giant skeleton (Crypt:3)
  27 black mambas
  9 vault sentinels
  2 stone giant skeletons (Crypt:3)
  2 gargoyles
  16 cane toads
  Joseph (D:10)
  4 smoke demons
  A hellion (D:1)
  3 centaur skeletons (Crypt:3)
  2 naga skeletons
  2 unseen horrors
  2 dire elephant skeletons (Crypt:3)
  A rime drake (Lair:2)
  An unseen horror zombie (Crypt:3)
  21 yaktaurs
  An ice devil (Depths:2)
  10 komodo dragons
  5 tengu conjurers
  An iron troll zombie (Crypt:3)
  2 tormentors
  3 spectral deep trolls (Crypt:1)
  4 freezing wraiths
  A red devil (D:1)
  An alligator snapping turtle skeleton (Crypt:1)
  5 human skeletons
  4 guardian mummies (Crypt:3)
  A meliai (shapeshifter) (Elf:3)
  A yaktaur skeleton (Vaults:2)
  3 polar bears
  2 harpy skeletons (Crypt:3)
  7 tyrant leeches
  6 trolls
  16 hornets
  A hellwing (D:11)
  A bloated husk (Swamp:4)
  An ice dragon zombie (Crypt:3)
  A tarantella zombie (Crypt:2)
  A hydra skeleton (Crypt:3)
  19 blink frogs
  3 dream sheep (Lair:4)
  A spectral black mamba (Crypt:1)
  A fire dragon skeleton (Crypt:3)
  9 flying skulls (Crypt:3)
  2 air elementals
  3 centaur simulacra
  17 spriggans
  3 shadows
  4 water elementals
  Sigmund (D:3)
  A black mamba zombie (Crypt:3)
  33 yaks
  3 hogs (Swamp:3)
  10 wraiths
  Eustachio (D:4)
  8 basilisks
  2 fire bats (Depths:4)
  4 wyverns
  2 steam dragons
  4 fire elementals
  19 vampire mosquitoes
  3 swamp worm simulacra (Swamp:4)
  3 wargs
  29 nagas
  22 swamp worms
  12 hydra simulacra (Swamp:4)
  A faun zombie (Crypt:3)
  An acid dragon (D:9)
  22 water moccasins
  An entropy weaver zombie (Crypt:2)
  3 hell hounds (Zot:5)
  5 black bears
  4 swamp drakes
  A faun skeleton (Crypt:1)
  An ice beast (D:7)
  A sky beast (D:8)
  36 orc warriors
  An ettin simulacrum (Crypt:2)
  9 ogres
  7 centaurs
  3 boggarts (Vaults:3)
  11 wolves
  A lindwurm skeleton (Crypt:1)
  A kobold brigand (D:8)
  A vine stalker zombie (Crypt:1)
  11 bullfrogs
  A salamander zombie (Crypt:2)
  2 necrophages (Crypt:3)
  A gnoll sergeant (D:11)
  2 earth elementals
  7 scorpions
  An elf skeleton (Crypt:3)
  A warg zombie (Crypt:2)
  4 wights (D:8)
  4 howler monkeys
  4 hounds
  21 orc priests
  Crazy Yiuf (D:7)
  2 sleepcaps
  Terence (D:2)
  3 iguanas
  27 orc wizards
  4 hell rats (Lair:2)
  A yak simulacrum (D:11)
  4 polar bear simulacra (D:11)
  4 wolf simulacra (D:11)
  A deep dwarf skeleton (Crypt:3)
  19 gnolls
  3 adders (D:4)
  3 shadow imps (Gauntlet)
  3 white imps (D:6)
  4 ufetubi (D:7)
  5 swamp drake simulacra (Swamp:4)
  2 worms
  85 orcs
  5 bats
  An endoplasm (D:1)
  3 giant cockroaches
  13 goblins
  5 hobgoblins
  7 jackals
  2 quokkas
  A dart slug zombie (Crypt:1)
  2 frilled lizards
  A hobgoblin skeleton (Crypt:2)
  5 kobolds
  A kobold skeleton (Crypt:1)
  4 rats
  2 river rat simulacra (D:11)
  2 spectral weapons
1979 creatures vanquished.

Vanquished Creatures (collateral kills)
  Boris (Vaults:2)
  A Brimstone Fiend (D:2)
  A curse skull (Crypt:2)
  Nessos (Lair:3)
  A minotaur (Gauntlet)
5 creatures vanquished.

Vanquished Creatures (others)
  A curse toe (Zot:2)
  Aizul (Snake:4)
  2 rockslimes
  A draconian monk (Zot:1)
  An azure jelly (Depths:1)
  A vault warden (Vaults:3)
  2 orc warlords
  A spriggan defender (Depths:1)
  A draconian stormcaller (Zot:2)
  2 ironbound preservers
  5 formless jellyfish
  An ironbound thunderhulk (Vaults:2)
  2 dire elephants
  A white draconian (Zot:1)
  8 great orbs of eyes
  A blizzard demon (D:3)
  A fire dragon (Depths:2)
  2 ettins
  4 yaktaur captains (Vaults:3)
  A vault guard (Vaults:1)
  2 centaur warriors (D:14)
  A spriggan air mage (Depths:2)
  A hydra (Swamp:3)
  A death knight (D:15)
  A dancing weapon (D:14)
  A boulder beetle (D:14)
  2 spriggans (Depths:2)
  A spriggan berserker (Depths:2)
  4 glowing orange brains
  A deep elf knight (Elf:2)
  2 deep trolls
  2 ironbound convokers
  A deep elf zephyrmancer (Elf:3)
  2 cyclopes (D:14)
  A deep elf pyromancer (Elf:2)
  An ugly thing (D:13)
  2 will-o-the-wisps
  A torpor snail (shapeshifter) (Depths:1)
  2 vault sentinels
  An unseen horror (D:13)
  A rime drake (Lair:2)
  7 yaktaurs
  A meliai (shapeshifter) (D:15)
  3 bloated husks
  A glass eye (Depths:4)
  2 hornets (Depths:2)
  A dream sheep (Lair:4)
  46 slime creatures
  2 yaks (shapeshifter)
  A human (shapeshifter) (D:14)
  A human (Swamp:3)
  Edmund (D:6)
  A water moccasin (Lair:2)
  2 orc warriors
  2 boggarts
  A phantom (D:5)
  A bullfrog (Lair:4)
  A scorpion (D:5)
  A wight (D:8)
  A howler monkey (D:10)
  An electric eel (D:10)
  250 jellies
  6 orc priests
  2 iguanas
  8 orc wizards
  A gnoll (D:5)
  4 adders
  2 worms
  2 dart slugs
  5 endoplasms
  14 orcs
  2 giant cockroaches
  2 goblins
  A hobgoblin (D:3)
  A jackal (D:4)
  2 kobolds (D:2)
  A quokka (D:4)
  2 ball pythons
  2 bats
  A frilled lizard (D:2)
  2 rats
  2 butterflies
  42 foxfires
  A spectral weapon (Vaults:1)
502 creatures vanquished.

Grand Total: 2486 creatures vanquished

Notes
Turn   | Place    | Note
-------+----------+-------------------------------------------
     0 | D:1      | Gladio the Armataur Fighter began the quest for the Orb.
     0 | D:1      | Reached XP level 1. HP: 19/19 MP: 1/1
   187 | D:1      | Reached XP level 2. HP: 26/26 MP: 2/2
   445 | D:1      | Found a faded altar of an unknown god.
   521 | D:1      | Prayed at the altar of an unknown god.
   521 | D:1      | Became a worshipper of Jiyva Jamos the Shapeless
   521 | D:1      | Reached * piety under Jiyva
   796 | D:2      | Identified the "Defi Beg"
   810 | D:2      | Found Lizar's Antique Armour Shoppe.
   924 | D:2      | Noticed Terence
   928 | D:2      | Killed Terence
   929 | D:2      | Reached XP level 3. HP: 25/33 MP: 3/3
  1227 | D:2      | Reached ** piety under Jiyva
  1586 | D:3      | Reached XP level 4. HP: 40/40 MP: 4/4
  1685 | D:3      | Noticed Sigmund
  1688 | D:3      | Killed Sigmund
  1689 | D:3      | Reached XP level 5. HP: 47/49 MP: 5/5
  2150 | D:4      | Identified the of Lashrux
  2150 | D:4      | Reached *** piety under Jiyva
  2188 | D:4      | Found a stormy altar of Qazlal.
  2192 | D:4      | Noticed an air elemental
  2195 | D:4      | Noticed a water elemental
  2195 | D:4      | Noticed a fire elemental
  2207 | D:4      | Found a white marble altar of Elyvilon.
  2207 | D:4      | Gained mutation: You are somewhat resistant to further
                  | mutation. [Jiyva's grace]
  2207 | D:4      | Gained mutation: You are somewhat resistant to both further
                  | mutation and mutation removal. [Jiyva's grace]
  2207 | D:4      | Gained mutation: You are almost entirely resistant to
                  | further mutation and mutation removal. [Jiyva's grace]
  2207 | D:4      | Gained mutation: Your tail ends in a venomous barb.
                  | [Jiyva's grace]
  2286 | D:4      | Found a shimmering altar of Xom.
  2385 | D:4      | Reached XP level 6. HP: 55/55 MP: 6/6
  2478 | D:5      | Entered Level 5 of the Dungeon
  2627 | D:4      | Reached skill level 5 in Maces & Flails
  2645 | D:4      | Found a shadowy altar of Dithmenos.
  2714 | D:4      | Reached **** piety under Jiyva
  2767 | D:4      | Noticed Eustachio
  2770 | D:4      | Found a shimmering blue altar of Sif Muna.
  2776 | D:4      | Killed Eustachio
  3017 | D:5      | Reached XP level 7. HP: 64/64 MP: 7/7
  3035 | D:5      | Identified the +1 spear of Wariness {flame, rN+ Dex+2}
  3135 | D:5      | Reached skill level 5 in Fighting
  3265 | D:5      | Found an opulent altar of Gozag.
  3302 | D:5      | Found a blossoming altar of Fedhas.
  3454 | D:5      | Reached ***** piety under Jiyva
  3572 | D:6      | Lost mutation: You are almost entirely resistant to further
                  | mutation and mutation removal. [Jiyva's grace]
  3572 | D:6      | Lost mutation: You are somewhat resistant to both further
                  | mutation and mutation removal. [Jiyva's grace]
  3572 | D:6      | Gained mutation: You have acidic saliva. [Jiyva's grace]
  3572 | D:6      | Gained mutation: Your melee attacks may engulf your foes in
                  | ooze. [Jiyva's grace]
  3572 | D:6      | Gained mutation: Armour fits poorly on your pseudopods.
                  | [Jiyva's grace]
  3572 | D:6      | Gained mutation: Armour fits poorly on your large
                  | pseudopods. [Jiyva's grace]
  3672 | D:6      | Noticed a steam dragon
  3689 | D:6      | Killed a steam dragon
  3690 | D:6      | Reached XP level 8. HP: 57/73 MP: 8/8
  3794 | D:6      | Killed Edmund
  3828 | D:6      | Found a runed translucent gate.
  3828 | D:6      | Found a runed translucent gate.
  3828 | D:6      | Found a runed translucent gate.
  3828 | D:6      | Noticed Bnni's ghost (novice HOMo)
  3891 | D:6      | Identified the +8 dagger "Pouwiomo" {speed, SInv}
  4059 | D:7      | Found a flagged portal.
  4071 | Bailey   | Entered a bailey
  4209 | Bailey   | Noticed an orc knight
  4222 | Bailey   | Killed an orc knight
  4411 | D:7      | You fall into a shaft and drop 3 floors!
  4411 | D:10     | Entered Level 10 of the Dungeon
  4457 | D:10     | Reached XP level 9. HP: 62/83 MP: 9/9
  4553 | D:9      | Found a staircase to the Orcish Mines.
  4661 | D:8      | Reached skill level 10 in Maces & Flails
  4859 | D:7      | Noticed an unseen horror
  4869 | D:7      | Killed an unseen horror
  4923 | D:7      | Found a staircase to the Ecumenical Temple.
  4965 | D:7      | Found a basalt altar of Yredelemnul.
  4965 | D:7      | Found a sparkling altar of Nemelex Xobeh.
  5074 | D:7      | Reached XP level 10. HP: 94/94 MP: 10/10
  5154 | D:7      | Lost mutation: You are somewhat resistant to further
                  | mutation. [Jiyva's grace]
  5154 | D:7      | Lost mutation: You have acidic saliva. [Jiyva's grace]
  5154 | D:7      | Lost mutation: Armour fits poorly on your large pseudopods.
                  | [Jiyva's grace]
  5154 | D:7      | Gained mutation: Your rubbery body absorbs attacks. (AC +1,
                  | EV +1) [Jiyva's grace]
  5154 | D:7      | Gained mutation: Your pliable body absorbs attacks. (AC +2,
                  | EV +2) [Jiyva's grace]
  5154 | D:7      | Gained mutation: Your gelatinous body deflects attacks. (AC
                  | +3, EV +3) [Jiyva's grace]
  5154 | D:7      | Gained mutation: You are strong-willed. (Will+) [Jiyva's
                  | grace]
  5154 | D:7      | Found a runed translucent door.
  5155 | D:7      | Noticed Crazy Yiuf
  5215 | D:7      | Killed Crazy Yiuf
  5306 | D:7      | Noticed a manticore
  5306 | D:7      | Noticed a white ugly thing
  5417 | D:8      | Found a staircase to the Lair.
  5858 | D:8      | Found an ornate altar of the Wu Jian Council.
  6026 | D:8      | Found a radiant altar of Vehumet.
  6146 | D:9      | Noticed a deep elf pyromancer
  6152 | D:9      | Killed a deep elf pyromancer
  6289 | D:9      | Noticed a two-headed ogre
  6291 | D:9      | Slimified a two-headed ogre
  6291 | D:9      | a two-headed ogre changed into a slime creature
  6434 | D:9      | Found a hide-covered altar of Uskayaw.
  6460 | D:9      | Found a glowing silver altar of Zin.
  6560 | D:9      | Identified the +7 hand axe of Codghutzo {heavy, rF+ rC+
                  | Stlth+}
  6710 | D:10     | Noticed Josephine
  6728 | D:9      | Killed Josephine
  7063 | D:10     | Lost mutation: Your tail ends in a venomous barb. [Jiyva's
                  | grace]
  7063 | D:10     | Lost mutation: Your gelatinous body deflects attacks. (AC
                  | +3, EV +3) [Jiyva's grace]
  7063 | D:10     | Gained mutation: You are highly strong-willed. (Will++)
                  | [Jiyva's grace]
  7063 | D:10     | Gained mutation: You are extremely strong-willed. (Will+++)
                  | [Jiyva's grace]
  7063 | D:10     | Gained mutation: You are partially covered in iridescent
                  | scales. (AC +2) [Jiyva's grace]
  7063 | D:10     | Gained mutation: You are mostly covered in iridescent
                  | scales. (AC +4) [Jiyva's grace]
  7264 | D:10     | Noticed Joseph
  7269 | D:10     | Killed Joseph
  7546 | Lair:1   | Entered Level 1 of the Lair of Beasts
  7548 | Lair:1   | Noticed a cane toad
  7549 | Lair:1   | Noticed a cane toad
  7561 | D:8      | Killed a cane toad
  7562 | D:8      | Reached skill level 1 in Evocations
  7562 | D:8      | Reached XP level 11. HP: 97/103 MP: 11/11
  7903 | Lair:1   | Found a dark tunnel.
  8380 | Gauntlet | Identified the "Jir Qaomp"
  8380 | Gauntlet | Identified the "Gisomnou"
  8395 | Lair:2   | Found a gate leading to a gauntlet.
  8401 | Gauntlet | Entered a Gauntlet
  8401 | Gauntlet | Found a transporter.
  8401 | Gauntlet | Found a transporter.
  8405 | Gauntlet | Found a transporter.
  8407 | Gauntlet | Noticed a necromancer
  8414 | Gauntlet | Noticed a fire crab
  8415 | Gauntlet | Found a transporter.
  8421 | Gauntlet | Found a large runed translucent door.
  8422 | Gauntlet | Found a large runed translucent door.
  8424 | Gauntlet | Found a runed translucent gate.
  8425 | Gauntlet | Found a transporter.
  8425 | Gauntlet | Found a transporter.
  8425 | Gauntlet | Found a runed translucent gate.
  8426 | Gauntlet | Found a runed translucent gate.
  8428 | Gauntlet | Found a large runed translucent door.
  8428 | Gauntlet | Noticed a green death
  8429 | Gauntlet | Found a large runed translucent door.
  8434 | Gauntlet | Found a large runed translucent door.
  8434 | Gauntlet | Found a large runed translucent door.
  8435 | Gauntlet | Found a large runed translucent door.
  8435 | Gauntlet | Found a large runed translucent door.
  8437 | Gauntlet | Found a transporter.
  8440 | Gauntlet | Found a large runed translucent door.
  8440 | Gauntlet | Found a large runed translucent door.
  8440 | Gauntlet | Found a runed translucent door.
  8440 | Gauntlet | Found a runed translucent door.
  8441 | Gauntlet | Found a large runed translucent door.
  8442 | Gauntlet | Found a large runed translucent door.
  8443 | Gauntlet | Reached ****** piety under Jiyva
  8463 | Gauntlet | Found a transporter.
  8464 | Gauntlet | Noticed a fire crab
  8498 | Gauntlet | Found a transporter.
  8513 | Gauntlet | Found a transporter.
  8529 | Gauntlet | Found a transporter.
  8529 | Gauntlet | Noticed a soul eater
  8540 | Gauntlet | Found a transporter.
  8542 | Gauntlet | Found a large runed translucent door.
  8543 | Gauntlet | Found a large runed translucent door.
  8544 | Gauntlet | Found a large runed translucent door.
  8545 | Gauntlet | Found a large runed translucent door.
  8615 | Gauntlet | Found a transporter.
  8625 | Gauntlet | Found a transporter.
  8633 | Gauntlet | Noticed a death scarab
  8639 | Gauntlet | Found a transporter.
  8643 | Gauntlet | Lost mutation: You are extremely strong-willed. (Will+++)
                  | [Jiyva's grace]
  8643 | Gauntlet | Gained mutation: You have a pair of small antennae on your
                  | head. [Jiyva's grace]
  8643 | Gauntlet | Gained mutation: You have a pair of antennae on your head.
                  | [Jiyva's grace]
  8643 | Gauntlet | Gained mutation: You have a pair of large antennae on your
                  | head. (SInv) [Jiyva's grace]
  8643 | Gauntlet | Gained mutation: You have large cloven feet. [Jiyva's
                  | grace]
  8652 | Gauntlet | Found a transporter.
  8820 | Gauntlet | Killed a necromancer
  8910 | Gauntlet | Killed a soul eater
  8925 | Gauntlet | Identified the +0 helmet "Vyul Cus" {rC+ rN+ rCorr Dex-5}
  8956 | Gauntlet | Killed a green death
  8980 | Gauntlet | Found the +3 hat of Pondering {ponderous, Will+ MP+10
                  | Int+5}
  8980 | Gauntlet | Noticed a minotaur
  8990 | Gauntlet | Killed a minotaur
  9077 | Lair:2   | Noticed a six-headed hydra
  9087 | Lair:2   | Killed a six-headed hydra
  9144 | Lair:2   | Reached XP level 12. HP: 111/112 MP: 12/12
  9197 | Lair:2   | Reached skill level 5 in Shields
  9293 | Lair:2   | Reached skill level 15 in Maces & Flails
  9413 | Lair:2   | Noticed Urug
  9428 | Lair:2   | Killed Urug
  9844 | Lair:3   | Noticed Nessos
  9847 | Lair:3   | Killed Nessos
  9957 | Lair:3   | Noticed Snorg
  9963 | Lair:3   | Killed Snorg
 10229 | Lair:3   | Reached skill level 4 in Armour
 10452 | Lair:3   | Reached skill level 5 in Armour
 10528 | Lair:3   | Found a staircase to the Snake Pit.
 10543 | Lair:3   | Reached XP level 13. HP: 118/118 MP: 13/13
 10582 | Lair:3   | Reached skill level 6 in Armour
 10674 | Lair:3   | Noticed Rupert
 10683 | Lair:3   | Killed Rupert
 10690 | Lair:3   | Lost mutation: You have a pair of large antennae on your
                  | head. (SInv) [Jiyva's grace]
 10690 | Lair:3   | Lost mutation: You have a pair of antennae on your head.
                  | [Jiyva's grace]
 10690 | Lair:3   | Lost mutation: You are highly strong-willed. (Will++)
                  | [Jiyva's grace]
 10690 | Lair:3   | Lost mutation: You are strong-willed. (Will+) [Jiyva's
                  | grace]
 10690 | Lair:3   | Gained mutation: Your gelatinous body deflects attacks. (AC
                  | +3, EV +3) [Jiyva's grace]
 10690 | Lair:3   | Gained mutation: You are partially covered in large bone
                  | plates. (SH +4) [Jiyva's grace]
 10690 | Lair:3   | Gained mutation: You are mostly covered in large bone
                  | plates. (SH +6) [Jiyva's grace]
 10690 | Lair:3   | Gained mutation: You are completely covered in large bone
                  | plates. (SH +8) [Jiyva's grace]
 10813 | Lair:3   | Found a staircase to the Swamp.
 11193 | D:2      | Bought a pair of gloves for 90 gold pieces
 11605 | Lair:4   | Reached skill level 7 in Armour
 11630 | Lair:3   | Identified a scroll of acquirement
 11700 | Lair:4   | Reached skill level 10 in Shields
 11788 | Lair:4   | Reached skill level 8 in Armour
 12196 | Lair:5   | Entered Level 5 of the Lair of Beasts
 12373 | Lair:5   | Reached skill level 9 in Armour
 12457 | Lair:5   | Reached skill level 10 in Armour
 12567 | Lair:5   | Reached XP level 14. HP: 126/126 MP: 14/14
 12703 | Lair:5   | Reached skill level 11 in Armour
 12848 | Lair:5   | Found a staircase to the Slime Pits.
 12848 | Lair:5   | Found a viscous altar of Jiyva.
 13175 | Crypt:1  | Identified the "Lonye"
 13175 | Depths:1 | Identified the of Tarereys
 13175 | Depths:1 | Identified the "Badwado"
 13175 | Elf:1    | Identified the of Nuuvvatz
 13175 | Elf:3    | Identified the of Piahud
 13175 | Elf:3    | Identified the "Kucig"
 13175 | Slime:1  | Entered Level 1 of the Pits of Slime
 13175 | Slime:1  | Noticed a quicksilver ooze
 13176 | Slime:1  | Noticed a rockslime
 13180 | Slime:2  | Noticed a formless jellyfish
 13180 | Slime:2  | Noticed a formless jellyfish
 13180 | Slime:2  | Noticed a formless jellyfish
 13186 | Slime:3  | Noticed a quicksilver ooze
 13186 | Slime:3  | Noticed an azure jelly
 13190 | Slime:3  | Noticed a rockslime
 13192 | Slime:4  | Noticed a formless jellyfish
 13192 | Slime:4  | Noticed a formless jellyfish
 13192 | Slime:4  | Noticed a quicksilver ooze
 13192 | Slime:4  | Noticed an azure jelly
 13210 | Slime:5  | Entered Level 5 of the Pits of Slime
 13220 | Slime:5  | Noticed an azure jelly
 13237 | Slime:5  | Noticed the Royal Jelly
 13238 | Slime:5  | Found a viscous altar of Jiyva.
 13238 | Slime:5  | Noticed an acid blob
 13267 | Slime:5  | Noticed a rockslime
 13271 | Slime:5  | Noticed an azure jelly
 13286 | Slime:5  | Noticed an acid blob
 13312 | Slime:5  | Noticed an acid blob
 13318 | Slime:5  | Noticed a rockslime
 13327 | Slime:5  | Noticed a formless jellyfish
 13365 | Slime:5  | Noticed a rockslime
 13387 | Slime:5  | Identified the +0 robe of Monotheism {Harm *Corrode Fly
                  | Str+3}
 13387 | Slime:5  | Noticed an acid blob
 13388 | Slime:5  | Identified the +5 orcbow "Efrema" {heavy, rF+ rC- rCorr
                  | Dex+4}
 13402 | Slime:5  | Noticed an azure jelly
 13404 | Slime:5  | Noticed an acid blob
 13412 | Slime:5  | Noticed an acid blob
 13436 | Slime:5  | Identified the +1 plate armour "Bitzeham" {Dex+2}
 13437 | Slime:5  | Identified the scarf "Ikoe" {harm, rPois}
 13483 | Slime:5  | Found the +10 tower shield of Ignorance {rN+ Int-4}
 13491 | Slime:5  | Got a slimy rune of Zot
 13741 | Slime:4  | Noticed a quicksilver ooze
 13742 | Slime:4  | Noticed an azure jelly
 13748 | Slime:4  | Noticed a quicksilver ooze
 13987 | D:11     | Reached skill level 12 in Armour
 14201 | D:11     | Lost mutation: You have large cloven feet. [Jiyva's grace]
 14201 | D:11     | Lost mutation: You are mostly covered in iridescent scales.
                  | (AC +4) [Jiyva's grace]
 14201 | D:11     | Lost mutation: You are completely covered in large bone
                  | plates. (SH +8) [Jiyva's grace]
 14201 | D:11     | Lost mutation: Your gelatinous body deflects attacks. (AC
                  | +3, EV +3) [Jiyva's grace]
 14201 | D:11     | Lost mutation: Armour fits poorly on your pseudopods.
                  | [Jiyva's grace]
 14201 | D:11     | Gained mutation: Your gelatinous body deflects attacks. (AC
                  | +3, EV +3) [Jiyva's grace]
 14201 | D:11     | Gained mutation: You have hidden genetic potential.
                  | [Jiyva's grace]
 14201 | D:11     | Gained mutation: You have great hidden genetic potential.
                  | [Jiyva's grace]
 14201 | D:11     | Gained mutation: You passively map a small area around you.
                  | [Jiyva's grace]
 14392 | D:12     | Reached skill level 10 in Fighting
 14854 | D:12     | Noticed Gastronok
 14870 | D:12     | Killed Gastronok
 15156 | Orc:1    | Entered Level 1 of the Orcish Mines
 15300 | Orc:2    | Entered Level 2 of the Orcish Mines
 15351 | Orc:1    | Noticed an orc warlord
 15432 | Orc:2    | Found a staircase to the Elven Halls.
 15620 | Orc:2    | Noticed Erolcha
 15626 | Orc:2    | Slimified Erolcha
 15626 | Orc:2    | Erolcha changed into Erolcha the endoplasm
 15626 | Orc:2    | Noticed Erolcha
 15649 | Orc:2    | Noticed an orc warlord
 15662 | Orc:2    | Killed Erolcha the endoplasm
 15841 | Orc:2    | Killed an orc warlord
 15952 | Orc:2    | Found Soen's General Store.
 15952 | Orc:2    | Found Uroesied's Jewellery Boutique.
 15954 | Orc:2    | Found Fuamem's Antique Armour Shop.
 15954 | Orc:2    | Found Faotexki's Antique Weapon Shop.
 15988 | Orc:2    | Lost mutation: Your gelatinous body deflects attacks. (AC
                  | +3, EV +3) [Jiyva's grace]
 15988 | Orc:2    | Lost mutation: Your pliable body absorbs attacks. (AC +2,
                  | EV +2) [Jiyva's grace]
 15988 | Orc:2    | Lost mutation: You have great hidden genetic potential.
                  | [Jiyva's grace]
 15988 | Orc:2    | Lost mutation: Your melee attacks may engulf your foes in
                  | ooze. [Jiyva's grace]
 15988 | Orc:2    | Gained mutation: Your mind is acute. (Int +4, Str/Dex -1)
                  | [Jiyva's grace]
 15988 | Orc:2    | Gained mutation: Your mind is very acute. (Int +8, Str/Dex
                  | -2) [Jiyva's grace]
 15988 | Orc:2    | Gained mutation: Armour fits poorly on your pseudopods.
                  | [Jiyva's grace]
 15988 | Orc:2    | Gained mutation: Armour fits poorly on your large
                  | pseudopods. [Jiyva's grace]
 16035 | Orc:2    | Bought a pair of distressingly furry gloves for 275 gold
                  | pieces
 16035 | Orc:2    | Identified the +1 pair of gloves "Mophuimp" {*Slow Str+3
                  | SInv} (You bought it in a shop on level 2 of the Orcish
                  | Mines)
 16054 | Orc:2    | Bought a +4 ring of protection for 468 gold pieces
 16695 | Orc:1    | Killed an orc warlord
 16696 | Orc:1    | Reached XP level 15. HP: 139/143 MP: 15/15
 16838 | Orc:2    | Acquired 957 gold pieces
 16840 | Orc:2    | Bought a runed broad axe for 196 gold pieces
 17585 | D:13     | Found a portal to a secret trove of treasure.
 17922 | D:14     | Found a gate to the Vaults.
 18123 | D:14     | Found Moqiv's Antique Weapon Emporium.
 18346 | D:15     | Entered Level 15 of the Dungeon
 18352 | D:15     | Noticed Louise
 18378 | D:15     | Killed Louise
 18383 | D:15     | Gained mutation: Your muscles are strong. (Str +4, Int/Dex
                  | -1) [hidden potential]
 18436 | D:15     | Lost mutation: You passively map a small area around you.
                  | [Jiyva's grace]
 18436 | D:15     | Lost mutation: Your muscles are strong. (Str +4, Int/Dex
                  | -1) [Jiyva's grace]
 18436 | D:15     | Lost mutation: Your rubbery body absorbs attacks. (AC +1,
                  | EV +1) [Jiyva's grace]
 18436 | D:15     | Lost mutation: You have hidden genetic potential. [Jiyva's
                  | grace]
 18436 | D:15     | Gained mutation: You are robust. (+10% HP) [Jiyva's grace]
 18436 | D:15     | Gained mutation: You are very robust. (+20% HP) [Jiyva's
                  | grace]
 18436 | D:15     | Gained mutation: You are extremely robust. (+30% HP)
                  | [Jiyva's grace]
 18436 | D:15     | Gained mutation: Your body has grown eyes which may confuse
                  | attackers. (Acc +3) [Jiyva's grace]
 18576 | D:15     | Found a radiant altar of Vehumet.
 18739 | D:15     | Found a staircase to the Depths.
 19330 | Snake:1  | Entered Level 1 of the Snake Pit
 19380 | Snake:1  | Reached skill level 5 in Evocations
 19537 | Snake:1  | Found Voaq's General Store.
 19546 | Snake:1  | Bought a potion of cancellation for 136 gold pieces
 19870 | Snake:1  | You fall into a shaft and drop 1 floor!
 20131 | Snake:1  | Lost mutation: Your mind is very acute. (Int +8, Str/Dex
                  | -2) [Jiyva's grace]
 20131 | Snake:1  | Lost mutation: You are extremely robust. (+30% HP) [Jiyva's
                  | grace]
 20131 | Snake:1  | Lost mutation: Armour fits poorly on your large pseudopods.
                  | [Jiyva's grace]
 20131 | Snake:1  | Gained mutation: You have a small jelly attached to you
                  | that may absorb projectiles. [Jiyva's grace]
 20131 | Snake:1  | Gained mutation: You expend magic power (3 MP) to
                  | strengthen your wands. [Jiyva's grace]
 20131 | Snake:1  | Gained mutation: Your rubbery body absorbs attacks. (AC +1,
                  | EV +1) [Jiyva's grace]
 20131 | Snake:1  | Gained mutation: Your pliable body absorbs attacks. (AC +2,
                  | EV +2) [Jiyva's grace]
 20418 | Snake:1  | Reached skill level 15 in Fighting
 20857 | Snake:2  | Noticed a nagaraja
 20877 | Snake:2  | Killed a nagaraja
 20878 | Snake:2  | Reached skill level 1 in Axes
 21369 | Snake:3  | Noticed Bai Suzhen
 21383 | Snake:3  | Killed Bai Suzhen
 21384 | Snake:3  | Reached XP level 16. HP: 135/189 MP: 16/16
 21433 | Snake:3  | Noticed Vashnia
 21445 | Snake:3  | Killed Vashnia
 21446 | Snake:3  | Reached skill level 5 in Axes
 21703 | Snake:3  | Identified the +0 helmet of Ehicicw {rN+ SInv}
 21927 | Snake:4  | Entered Level 4 of the Snake Pit
 21931 | Snake:4  | Found Berrai Leal's Magic Scroll Shop.
 21998 | Snake:4  | Identified the serpent talisman of the Black Moon {Stlth+}
 21998 | Snake:4  | Noticed Aizul
 22015 | Snake:4  | Killed Aizul
 22206 | Snake:4  | Lost mutation: You are mostly covered in large bone plates.
                  | (SH +6) [Jiyva's grace]
 22206 | Snake:4  | Gained mutation: You have acidic saliva. [Jiyva's grace]
 22206 | Snake:4  | Gained mutation: You have a pair of antennae on your head.
                  | [Jiyva's grace]
 22206 | Snake:4  | Gained mutation: You have a pair of large antennae on your
                  | head. (SInv) [Jiyva's grace]
 22206 | Snake:4  | Gained mutation: You are mostly covered in iridescent
                  | scales. (AC +4) [Jiyva's grace]
 22214 | Snake:4  | Bought a scroll of fear for 52 gold pieces
 22214 | Snake:4  | Bought a scroll of identify for 26 gold pieces
 22214 | Snake:4  | Bought a scroll of fog for 52 gold pieces
 22214 | Snake:4  | Bought a scroll of identify for 26 gold pieces
 22214 | Snake:4  | Bought a scroll of teleportation for 39 gold pieces
 22325 | Snake:4  | Identified the +7 falchion "Firievimn" {flame, Int+7
                  | Stlth+}
 22603 | Snake:4  | Reached skill level 10 in Axes
 22793 | Snake:4  | Got a serpentine rune of Zot
 22948 | Snake:4  | Reached XP level 17. HP: 198/198 MP: 17/17
 23395 | Swamp:1  | Entered Level 1 of the Swamp
 23395 | Swamp:1  | Noticed Roxanne
 23469 | Swamp:1  | Banished Roxanne
 24553 | Swamp:2  | Lost mutation: You have a pair of large antennae on your
                  | head. (SInv) [Jiyva's grace]
 24553 | Swamp:2  | Lost mutation: You are very robust. (+20% HP) [Jiyva's
                  | grace]
 24553 | Swamp:2  | Gained mutation: Your translucent skin slightly reduces
                  | your foes' accuracy. (Stealth+) [Jiyva's grace]
 24553 | Swamp:2  | Gained mutation: Your translucent skin reduces your foes'
                  | accuracy. (Stealth+) [Jiyva's grace]
 24553 | Swamp:2  | Gained mutation: Your transparent skin significantly
                  | reduces your foes' accuracy. (Stealth+) [Jiyva's grace]
 24553 | Swamp:2  | Gained mutation: Your melee attacks may engulf your foes in
                  | ooze. [Jiyva's grace]
 24985 | Swamp:3  | Noticed Kirke
 24992 | Swamp:3  | Killed Kirke
 25494 | Swamp:4  | Entered Level 4 of the Swamp
 25512 | Swamp:4  | Reached XP level 18. HP: 106/190 MP: 18/18
 25586 | Swamp:4  | Acquired the +1 barding of Fun {rPois Will+ rCorr Int+4
                  | Dex-4}
 25648 | Swamp:4  | Reached skill level 15 in Axes
 25986 | Swamp:4  | Got a decaying rune of Zot
 26566 | Vaults:1 | Entered Level 1 of the Vaults
 26663 | Vaults:1 | Noticed Zenata
 26686 | Vaults:1 | Killed Zenata
 26850 | Vaults:1 | Lost mutation: You are mostly covered in iridescent scales.
                  | (AC +4) [Jiyva's grace]
 26850 | Vaults:1 | Lost mutation: You are partially covered in iridescent
                  | scales. (AC +2) [Jiyva's grace]
 26850 | Vaults:1 | Lost mutation: You are partially covered in large bone
                  | plates. (SH +4) [Jiyva's grace]
 26850 | Vaults:1 | Lost mutation: Your mind is acute. (Int +4, Str/Dex -1)
                  | [Jiyva's grace]
 26850 | Vaults:1 | Lost mutation: Armour fits poorly on your pseudopods.
                  | [Jiyva's grace]
 26850 | Vaults:1 | Lost mutation: Your transparent skin significantly reduces
                  | your foes' accuracy. (Stealth+) [Jiyva's grace]
 26850 | Vaults:1 | Lost mutation: Your translucent skin reduces your foes'
                  | accuracy. (Stealth+) [Jiyva's grace]
 26850 | Vaults:1 | Gained mutation: You passively map a small area around you.
                  | [Jiyva's grace]
 26850 | Vaults:1 | Gained mutation: You passively map the area around you.
                  | [Jiyva's grace]
 26850 | Vaults:1 | Gained mutation: You passively map a large area around you.
                  | [Jiyva's grace]
 26850 | Vaults:1 | Gained mutation: Your translucent skin reduces your foes'
                  | accuracy. (Stealth+) [Jiyva's grace]
 27033 | Vaults:1 | Noticed Nikola
 27051 | Vaults:1 | Killed Nikola
 27375 | Vaults:1 | Identified the +8 great sword "Tiequ" {freeze, rC- Str+3
                  | Dex+3}
 27389 | Vaults:1 | Identified the +5 kite shield "Icyuwiowa" {Fly}
 27389 | Vaults:1 | Noticed Asterion
 27413 | Vaults:1 | Killed Asterion
 27661 | Vaults:2 | Reached skill level 13 in Armour
 27733 | Vaults:2 | Found a staircase to the Crypt.
 27851 | Vaults:2 | Noticed a lich
 27866 | Vaults:2 | Killed a lich
 27887 | Vaults:2 | Reached skill level 14 in Armour
 27890 | Vaults:2 | Reached XP level 19. HP: 170/201 MP: 19/19
 27963 | Vaults:2 | Noticed Boris
 27971 | Vaults:2 | Killed Boris
 28373 | Vaults:2 | Lost mutation: You passively map a large area around you.
                  | [Jiyva's grace]
 28373 | Vaults:2 | Lost mutation: You are robust. (+10% HP) [Jiyva's grace]
 28373 | Vaults:2 | Lost mutation: You have acidic saliva. [Jiyva's grace]
 28373 | Vaults:2 | Lost mutation: Your pliable body absorbs attacks. (AC +2,
                  | EV +2) [Jiyva's grace]
 28373 | Vaults:2 | Lost mutation: Your translucent skin reduces your foes'
                  | accuracy. (Stealth+) [Jiyva's grace]
 28373 | Vaults:2 | Lost mutation: You have a small jelly attached to you that
                  | may absorb projectiles. [Jiyva's grace]
 28373 | Vaults:2 | Gained mutation: You have sharp fingernails. [Jiyva's
                  | grace]
 28373 | Vaults:2 | Gained mutation: You have very sharp fingernails. [Jiyva's
                  | grace]
 28373 | Vaults:2 | Gained mutation: You have claws for hands. [Jiyva's grace]
 28373 | Vaults:2 | Gained mutation: You have large cloven feet. [Jiyva's
                  | grace]
 28709 | Vaults:2 | Reached skill level 15 in Shields
 28740 | Vaults:2 | Found Giecewk's Assorted Antiques.
 28750 | Vaults:2 | Bought a potion of resistance for 340 gold pieces
 28750 | Vaults:2 | Bought a potion of might for 136 gold pieces
 28948 | Vaults:3 | Noticed Sojobo
 29276 | Vaults:3 | Reached skill level 15 in Armour
 29482 | Vaults:3 | Killed Sojobo
 30087 | Vaults:4 | Lost mutation: You have a pair of antennae on your head.
                  | [Jiyva's grace]
 30087 | Vaults:4 | Lost mutation: You passively map the area around you.
                  | [Jiyva's grace]
 30087 | Vaults:4 | Lost mutation: You passively map a small area around you.
                  | [Jiyva's grace]
 30087 | Vaults:4 | Gained mutation: You have a small jelly attached to you
                  | that senses nearby items. [Jiyva's grace]
 30087 | Vaults:4 | Gained mutation: You possess an exceptional clarity of
                  | mind. [Jiyva's grace]
 30087 | Vaults:4 | Gained mutation: You have acidic saliva. [Jiyva's grace]
 30087 | Vaults:4 | Gained mutation: Armour fits poorly on your pseudopods.
                  | [Jiyva's grace]
 30219 | Vaults:4 | Reached skill level 16 in Armour
 30284 | Vaults:4 | Reached XP level 20. HP: 196/196 MP: 20/20
 30770 | Vaults:4 | Found Zegg's Weapon Shoppe.
 31013 | Depths:1 | Entered Level 1 of the Depths
 31113 | Depths:1 | You fall into a shaft and drop 1 floor!
 31181 | Depths:2 | Found a gateway to Hell.
 31206 | Depths:2 | Reached skill level 17 in Armour
 31362 | Depths:1 | Found a runed translucent door.
 31434 | Depths:1 | Lost mutation: You have acidic saliva. [Jiyva's grace]
 31434 | Depths:1 | Lost mutation: Your translucent skin slightly reduces your
                  | foes' accuracy. (Stealth+) [Jiyva's grace]
 31434 | Depths:1 | Lost mutation: You have a small jelly attached to you that
                  | senses nearby items. [Jiyva's grace]
 31434 | Depths:1 | Gained mutation: Your flesh is heat resistant. (rF+)
                  | [Jiyva's grace]
 31434 | Depths:1 | Gained mutation: Your flesh is very heat resistant. (rF++)
                  | [Jiyva's grace]
 31434 | Depths:1 | Gained mutation: Your flesh is almost immune to the effects
                  | of heat. (rF+++) [Jiyva's grace]
 31434 | Depths:1 | Gained mutation: Your flesh is cold resistant. (rC+)
                  | [Jiyva's grace]
 31757 | Depths:1 | Noticed a caustic shrike
 31761 | Depths:1 | Slimified a caustic shrike
 31761 | Depths:1 | a caustic shrike changed into an azure jelly
 31858 | Depths:1 | Found the +9 scales of the Dragon King {rPois rF+ rC+
                  | Will+}
 31908 | Depths:1 | Acquired the ring "Segepnys" {rPois rC+ rN+ Str+3 Int-5}
 31997 | Depths:1 | Found Jiqu Ozu's Jewellery Emporium.
 31997 | Depths:1 | Found Wewocw's Book Shop.
 31998 | Depths:1 | Found Sorghotzu's Book Shop.
 32253 | Depths:2 | Found a one-way gateway to a ziggurat.
 32312 | Depths:2 | Reached skill level 18 in Armour
 32340 | Depths:2 | Acquired the ring "Sirphuvae" {Contam rF+ Will+ EV+5 Dex+3
                  | Slay+3}
 32508 | Depths:2 | Found Umot's Armour Shop.
 32510 | Depths:2 | Found a snail-covered altar of Cheibriados.
 32587 | Depths:2 | Found a one-way gate leading to the halls of Pandemonium.
 32914 | Depths:2 | Reached XP level 21. HP: 202/208 MP: 21/21
 33237 | Elf:1    | Entered Level 1 of the Elven Halls
 33320 | Elf:1    | Found Ymunyeb's Magic Scroll Shoppe.
 33326 | Elf:1    | Bought a scroll of blinking for 105 gold pieces
 33326 | Elf:1    | Bought a scroll of enchant weapon for 105 gold pieces
 33527 | Elf:1    | Found Jedehuv's Weapon Boutique.
 33546 | Elf:1    | Found Odioqihu's Assorted Antiques.
 33551 | Elf:1    | Bought 3 scrolls of enchant weapon for 900 gold pieces
 33981 | Elf:2    | Noticed Norris
 33983 | Elf:1    | Paralysed by an air elemental for 1 turns
 33989 | Elf:1    | Paralysed by an air elemental for 1 turns
 34282 | Depths:2 | Upgraded the game from 0.31-a0-977-gc230f8ef24 to
                  | 0.31-a0-978-g1e143483b6
 34289 | Depths:3 | Noticed the Enchantress
 34346 | Depths:2 | Killed the Enchantress
 34543 | Depths:2 | Reached skill level 19 in Armour
 34614 | Depths:3 | Found a glowing golden altar of the Shining One.
 34671 | Depths:3 | Noticed a juggernaut
 34674 | Depths:3 | Noticed a golden dragon
 34685 | Depths:3 | Killed a golden dragon
 34690 | Depths:3 | Killed a juggernaut
 34703 | Depths:3 | Found a corrupted altar of Lugonu.
 34705 | Depths:3 | Found a one-way gate to the infinite horrors of the Abyss.
 34724 | Depths:3 | Noticed Margery
 34745 | Depths:3 | Noticed a juggernaut
 34771 | Depths:3 | Killed a juggernaut
 34774 | Depths:3 | Killed Margery
 34877 | Depths:3 | Found a runed translucent door.
 35271 | Depths:3 | Found a hide-covered altar of Uskayaw.
 35304 | Depths:4 | Entered Level 4 of the Depths
 35337 | Depths:4 | Lost mutation: You have large cloven feet. [Jiyva's grace]
 35337 | Depths:4 | Lost mutation: Your flesh is almost immune to the effects
                  | of heat. (rF+++) [Jiyva's grace]
 35337 | Depths:4 | Gained mutation: You are covered in slimy tendrils that may
                  | disarm your opponents. [Jiyva's grace]
 35337 | Depths:4 | Gained mutation: Your mind is acute. (Int +4, Str/Dex -1)
                  | [Jiyva's grace]
 35337 | Depths:4 | Gained mutation: Your mind is very acute. (Int +8, Str/Dex
                  | -2) [Jiyva's grace]
 35337 | Depths:4 | Gained mutation: Armour fits poorly on your large
                  | pseudopods. [Jiyva's grace]
 35603 | Depths:4 | Reached skill level 20 in Armour
 35665 | Depths:4 | Reached XP level 22. HP: 220/220 MP: 22/22
 35686 | Depths:4 | Noticed a caustic shrike
 35688 | Depths:4 | Noticed a caustic shrike
 35688 | Depths:4 | Noticed a caustic shrike
 35709 | Depths:4 | Killed a caustic shrike
 35719 | Depths:4 | Banished a caustic shrike
 35723 | Depths:4 | Killed a caustic shrike
 36365 | Depths:4 | Identified the +4 dagger of Untruth {holy, rN+}
 36748 | Depths:4 | Reached skill level 21 in Armour
 36973 | Depths:4 | Found a gate to the Realm of Zot.
 37004 | Depths:4 | Identified the +1 helmet of the Moon Troll {Rampage rF-
                  | Str-3 Int+4}
 37542 | Crypt:1  | Entered Level 1 of the Crypt
 37631 | Crypt:1  | Found a magical portal.
 37810 | Crypt:1  | Noticed Boris
 37823 | Crypt:1  | Killed Boris
 38021 | Crypt:1  | Reached XP level 23. HP: 165/232 MP: 23/23
 38231 | Crypt:1  | Lost mutation: Your flesh is cold resistant. (rC+) [Jiyva's
                  | grace]
 38231 | Crypt:1  | Lost mutation: Your flesh is very heat resistant. (rF++)
                  | [Jiyva's grace]
 38231 | Crypt:1  | Lost mutation: Your body has grown eyes which may confuse
                  | attackers. (Acc +3) [Jiyva's grace]
 38231 | Crypt:1  | Lost mutation: You expend magic power (3 MP) to strengthen
                  | your wands. [Jiyva's grace]
 38231 | Crypt:1  | Lost mutation: Your melee attacks may engulf your foes in
                  | ooze. [Jiyva's grace]
 38231 | Crypt:1  | Gained mutation: You are agile. (Dex +4, Str/Int -1)
                  | [Jiyva's grace]
 38231 | Crypt:1  | Gained mutation: You are very agile. (Dex +8, Str/Int -2)
                  | [Jiyva's grace]
 38231 | Crypt:1  | Gained mutation: Your tail ends in a venomous barb.
                  | [Jiyva's grace]
 38231 | Crypt:1  | Gained mutation: Your tail ends in a sharp venomous barb.
                  | [Jiyva's grace]
 38807 | Crypt:2  | Reached skill level 22 in Armour
 39333 | Crypt:3  | Entered Level 3 of the Crypt
 39735 | Crypt:3  | Found a staircase to the Tomb.
 39869 | Crypt:3  | Lost mutation: You have a pair of small antennae on your
                  | head. [Jiyva's grace]
 39869 | Crypt:3  | Lost mutation: Your tail ends in a sharp venomous barb.
                  | [Jiyva's grace]
 39869 | Crypt:3  | Lost mutation: Your mind is very acute. (Int +8, Str/Dex
                  | -2) [Jiyva's grace]
 39869 | Crypt:3  | Lost mutation: Your mind is acute. (Int +4, Str/Dex -1)
                  | [Jiyva's grace]
 39869 | Crypt:3  | Lost mutation: Armour fits poorly on your large pseudopods.
                  | [Jiyva's grace]
 39869 | Crypt:3  | Lost mutation: You are covered in slimy tendrils that may
                  | disarm your opponents. [Jiyva's grace]
 39869 | Crypt:3  | Gained mutation: Your melee attacks may engulf your foes in
                  | ooze. [Jiyva's grace]
 39869 | Crypt:3  | Gained mutation: You have sharp toenails. [Jiyva's grace]
 39869 | Crypt:3  | Gained mutation: You have razor-sharp toenails. [Jiyva's
                  | grace]
 39869 | Crypt:3  | Gained mutation: You have claws for feet. [Jiyva's grace]
 39994 | Crypt:3  | Noticed an ancient lich
 40016 | Crypt:3  | Killed an ancient lich
 40094 | Crypt:3  | Found an ancient bone altar of Kikubaaqudgha.
 40107 | Crypt:3  | Identified the ring of the Gloaming {rN+ Will+ SInv Stlth+}
 40385 | Crypt:3  | Reached skill level 23 in Armour
 41036 | Zot:1    | Entered Level 1 of the Realm of Zot
 41068 | Zot:1    | Noticed an orb of fire
 41078 | Zot:1    | Gained mutation: Your magical capacity is low. (-10% MP)
                  | [an orb of fire]
 41089 | Zot:1    | Gained mutation: Your body sometimes deteriorates upon
                  | taking damage. [an orb of fire]
 41091 | Zot:1    | Lost mutation: Your body sometimes deteriorates upon taking
                  | damage. [an orb of fire]
 41094 | Zot:1    | Killed an orb of fire
 41286 | Zot:1    | Reached XP level 24. HP: 114/245 MP: 20/20
 41664 | Zot:1    | Noticed a Killer Klown
 41669 | Zot:1    | Identified the +7 rapier "Nuoxer Emeo" {holy, rC- rN+
                  | Str+4}
 41677 | Zot:1    | a Killer Klown changed into a rockslime
 42897 | Zot:1    | Reached skill level 24 in Armour
 43035 | Zot:2    | Lost mutation: You have claws for hands. [Jiyva's grace]
 43035 | Zot:2    | Lost mutation: You have claws for feet. [Jiyva's grace]
 43035 | Zot:2    | Lost mutation: You are very agile. (Dex +8, Str/Int -2)
                  | [Jiyva's grace]
 43035 | Zot:2    | Lost mutation: Your magical capacity is low. (-10% MP)
                  | [Jiyva's grace]
 43035 | Zot:2    | Lost mutation: Armour fits poorly on your pseudopods.
                  | [Jiyva's grace]
 43035 | Zot:2    | Lost mutation: Your melee attacks may engulf your foes in
                  | ooze. [Jiyva's grace]
 43035 | Zot:2    | Gained mutation: Armour fits poorly on your pseudopods.
                  | [Jiyva's grace]
 43035 | Zot:2    | Gained mutation: Armour fits poorly on your large
                  | pseudopods. [Jiyva's grace]
 43035 | Zot:2    | Gained mutation: Armour fits poorly on your massive
                  | pseudopods. [Jiyva's grace]
 43035 | Zot:2    | Gained mutation: You have acidic saliva. [Jiyva's grace]
 43146 | Zot:2    | Noticed a Killer Klown
 43150 | Zot:2    | Noticed a Killer Klown
 43165 | Zot:2    | Noticed an ancient lich
 43170 | Zot:2    | Killed a Killer Klown
 43182 | Zot:2    | Killed an ancient lich
 43183 | Zot:2    | Slimified a Killer Klown
 43183 | Zot:2    | a Killer Klown changed into an azure jelly
 43514 | Zot:2    | Noticed a Killer Klown
 43525 | Zot:2    | Killed a Killer Klown
 45167 | Zot:3    | Reached XP level 25. HP: 205/256 MP: 21/23
 45228 | Zot:3    | Reached skill level 25 in Armour
 45324 | Zot:4    | Lost mutation: You have very sharp fingernails. [Jiyva's
                  | grace]
 45324 | Zot:4    | Lost mutation: Your tail ends in a venomous barb. [Jiyva's
                  | grace]
 45324 | Zot:4    | Lost mutation: You are agile. (Dex +4, Str/Int -1) [Jiyva's
                  | grace]
 45324 | Zot:4    | Lost mutation: You possess an exceptional clarity of mind.
                  | [Jiyva's grace]
 45324 | Zot:4    | Lost mutation: Your rubbery body absorbs attacks. (AC +1,
                  | EV +1) [Jiyva's grace]
 45324 | Zot:4    | Lost mutation: Armour fits poorly on your massive
                  | pseudopods. [Jiyva's grace]
 45324 | Zot:4    | Gained mutation: Your spells are a little harder to cast,
                  | but a little more powerful. [Jiyva's grace]
 45324 | Zot:4    | Gained mutation: Your spells are harder to cast, but more
                  | powerful. [Jiyva's grace]
 45324 | Zot:4    | Gained mutation: Your spells are much harder to cast, but
                  | much more powerful. [Jiyva's grace]
 45324 | Zot:4    | Gained mutation: Your melee attacks may engulf your foes in
                  | ooze. [Jiyva's grace]
 45909 | Zot:5    | Entered Level 5 of the Realm of Zot
 46353 | Zot:5    | Noticed an orb of fire
 46355 | Zot:5    | Noticed an ancient lich
 46364 | Zot:5    | Lost mutation: Your spells are much harder to cast, but
                  | much more powerful. [an orb of fire]
 46366 | Zot:5    | Killed an orb of fire
 46371 | Zot:5    | Killed an ancient lich
 46376 | Zot:5    | Noticed an orb of fire
 46376 | Zot:5    | Noticed a dread lich
 46385 | Zot:5    | Gained mutation: You are frail. (-10% HP) [an orb of fire]
 46390 | Zot:5    | Killed an orb of fire
 46395 | Zot:5    | Killed a dread lich
 46397 | Zot:5    | Noticed an orb of fire
 46400 | Zot:5    | Noticed a dread lich
 46403 | Zot:5    | Gained mutation: You are clumsy. (Dex -2) [an orb of fire]
 46406 | Zot:5    | Gained mutation: Potions are less effective at restoring
                  | your health. [an orb of fire]
 46410 | Zot:5    | Killed an orb of fire
 46414 | Zot:5    | Killed a dread lich
 46419 | Zot:5    | Lost mutation: You are frail. (-10% HP) [potion of
                  | mutation]
 46419 | Zot:5    | Lost mutation: Potions are less effective at restoring your
                  | health. [potion of mutation]
 46419 | Zot:5    | Lost mutation: You have acidic saliva. [potion of mutation]
 46419 | Zot:5    | Lost mutation: Armour fits poorly on your large pseudopods.
                  | [potion of mutation]
 46419 | Zot:5    | Gained mutation: Your flesh is cold resistant. (rC+)
                  | [potion of mutation]
 46419 | Zot:5    | Gained mutation: You are strong-willed. (Will+) [potion of
                  | mutation]
 46639 | Zot:5    | Noticed an orb of fire
 46640 | Zot:5    | Noticed a Killer Klown
 46653 | Zot:5    | Gained mutation: Your body sometimes deteriorates upon
                  | taking damage. [an orb of fire]
 46657 | Zot:5    | Gained mutation: You occasionally lose the ability to drink
                  | potions when taking damage. [an orb of fire]
 46665 | Zot:5    | Lost mutation: Your spells are harder to cast, but more
                  | powerful. [an orb of fire]
 46669 | Zot:5    | Gained mutation: You sometimes lose your temper in combat.
                  | [an orb of fire]
 46675 | Zot:5    | Noticed an orb of fire
 46677 | Zot:5    | Killed an orb of fire
 46690 | Zot:5    | Killed a Killer Klown
 46694 | Zot:5    | Gained mutation: You are weak. (Str -2) [an orb of fire]
 46699 | Zot:5    | Killed an orb of fire
 46716 | Zot:5    | Lost mutation: Armour fits poorly on your pseudopods.
                  | [potion of mutation]
 46716 | Zot:5    | Lost mutation: Your flesh is heat resistant. (rF+) [potion
                  | of mutation]
 46716 | Zot:5    | Lost mutation: You sometimes lose your temper in combat.
                  | [potion of mutation]
 46716 | Zot:5    | Lost mutation: You are weak. (Str -2) [potion of mutation]
 46716 | Zot:5    | Lost mutation: You occasionally lose the ability to drink
                  | potions when taking damage. [potion of mutation]
 46716 | Zot:5    | Lost mutation: Your melee attacks may engulf your foes in
                  | ooze. [potion of mutation]
 46716 | Zot:5    | Gained mutation: You occasionally shout uncontrollably at
                  | your foes. [potion of mutation]
 46716 | Zot:5    | Lost mutation: Your spells are a little harder to cast, but
                  | a little more powerful. [potion of mutation]
 46716 | Zot:5    | Lost mutation: You are strong-willed. (Will+) [potion of
                  | mutation]
 46716 | Zot:5    | Gained mutation: Your movements are slightly less
                  | encumbered by armour. (ER -2) [potion of mutation]
 46717 | Zot:5    | Lost mutation: You are clumsy. (Dex -2) [potion of
                  | mutation]
 46717 | Zot:5    | Lost mutation: You occasionally shout uncontrollably at
                  | your foes. [potion of mutation]
 46717 | Zot:5    | Lost mutation: Your movements are slightly less encumbered
                  | by armour. (ER -2) [potion of mutation]
 46717 | Zot:5    | Lost mutation: Your flesh is cold resistant. (rC+) [potion
                  | of mutation]
 46717 | Zot:5    | Lost mutation: Your body sometimes deteriorates upon taking
                  | damage. [potion of mutation]
 46717 | Zot:5    | Lost mutation: You have sharp fingernails. [potion of
                  | mutation]
 46717 | Zot:5    | Gained mutation: You are frail. (-10% HP) [potion of
                  | mutation]
 46717 | Zot:5    | Gained mutation: You are dopey. (Int -2) [potion of
                  | mutation]
 46717 | Zot:5    | Gained mutation: Your muscles are strong. (Str +4, Int/Dex
                  | -1) [potion of mutation]
 46717 | Zot:5    | Gained mutation: Your tail ends in a venomous barb. [potion
                  | of mutation]
 46717 | Zot:5    | Lost mutation: You are dopey. (Int -2) [potion of mutation]
 46718 | Zot:5    | Lost mutation: You have razor-sharp toenails. [potion of
                  | mutation]
 46718 | Zot:5    | Lost mutation: You are frail. (-10% HP) [potion of
                  | mutation]
 46718 | Zot:5    | Lost mutation: Your muscles are strong. (Str +4, Int/Dex
                  | -1) [potion of mutation]
 46718 | Zot:5    | Lost mutation: Your tail ends in a venomous barb. [potion
                  | of mutation]
 46718 | Zot:5    | Gained mutation: You are frail. (-10% HP) [potion of
                  | mutation]
 46718 | Zot:5    | Gained mutation: You are occasionally teleported next to
                  | monsters. [potion of mutation]
 46718 | Zot:5    | Gained mutation: Your tail ends in a venomous barb. [potion
                  | of mutation]
 46719 | Zot:5    | Lost mutation: You are frail. (-10% HP) [potion of
                  | mutation]
 46719 | Zot:5    | Lost mutation: You are occasionally teleported next to
                  | monsters. [potion of mutation]
 46719 | Zot:5    | Lost mutation: Your tail ends in a venomous barb. [potion
                  | of mutation]
 46719 | Zot:5    | Lost mutation: You have sharp toenails. [potion of
                  | mutation]
 46719 | Zot:5    | Gained mutation: You passively dampen the noise of your
                  | surroundings. [potion of mutation]
 46719 | Zot:5    | Gained mutation: Your spells are a little harder to cast,
                  | but a little more powerful. [potion of mutation]
 46719 | Zot:5    | Gained mutation: Your tail ends in a venomous barb. [potion
                  | of mutation]
 47487 | Elf:2    | Killed Norris
 47691 | Elf:2    | Found a radiant altar of Vehumet.
 47756 | Elf:2    | Noticed Jorgrun
 47763 | Elf:2    | Killed Jorgrun
 47870 | Elf:2    | Found a runed translucent gate.
 47870 | Elf:2    | Found a runed translucent gate.
 47872 | Elf:2    | Found a runed translucent gate.
 48193 | Elf:2    | Reached skill level 26 in Armour
 48372 | Elf:3    | Entered Level 3 of the Elven Halls
 48486 | Elf:3    | Noticed Saint Roka
 48494 | Elf:3    | Lost mutation: Your tail ends in a venomous barb. [Jiyva's
                  | grace]
 48494 | Elf:3    | Gained mutation: You have hidden genetic potential.
                  | [Jiyva's grace]
 48494 | Elf:3    | Gained mutation: You have great hidden genetic potential.
                  | [Jiyva's grace]
 48494 | Elf:3    | Gained mutation: You are agile. (Dex +4, Str/Int -1)
                  | [Jiyva's grace]
 48494 | Elf:3    | Gained mutation: You are very agile. (Dex +8, Str/Int -2)
                  | [Jiyva's grace]
 48509 | Elf:3    | Killed Saint Roka
 48510 | Elf:3    | Reached XP level 26. HP: 200/271 MP: 23/23
 48682 | Elf:3    | Paralysed by an air elemental for 1 turns
 48889 | Elf:3    | Identified the ring "Uqyubb" {rF+ Dex+6}
 49249 | Elf:3    | Identified the ring "Tonkef" {rElec rN+ EV+5 Str+4}
 49510 | Elf:3    | Identified the +1 dagger of the Candelabrum {venom, *Rage
                  | rPois Str+7}
 49591 | Elf:3    | Identified the +2 falchion "Cenicem" {freeze, *Corrode
                  | rElec rN+ Str+5}
 49612 | Elf:3    | Identified the +2 morningstar "Owyneodo" {antimagic, Will+}
 50840 | Zot:5    | Noticed an orb of fire
 50846 | Zot:5    | Gained mutation: You are frail. (-10% HP) [an orb of fire]
 50860 | Zot:5    | Gained mutation: You occasionally lose the ability to drink
                  | potions when taking damage. [an orb of fire]
 50862 | Zot:5    | Gained mutation: Your magical capacity is low. (-10% MP)
                  | [an orb of fire]
 50863 | Zot:5    | Killed an orb of fire
 50887 | Zot:5    | Lost mutation: You occasionally lose the ability to drink
                  | potions when taking damage. [potion of mutation]
 50887 | Zot:5    | Lost mutation: You are frail. (-10% HP) [potion of
                  | mutation]
 50887 | Zot:5    | Lost mutation: You have great hidden genetic potential.
                  | [potion of mutation]
 50887 | Zot:5    | Lost mutation: You passively dampen the noise of your
                  | surroundings. [potion of mutation]
 50887 | Zot:5    | Gained mutation: Your tail ends in a venomous barb. [potion
                  | of mutation]
 50887 | Zot:5    | Gained mutation: You passively map a small area around you.
                  | [potion of mutation]
 50887 | Zot:5    | Gained mutation: You are partially covered in iridescent
                  | scales. (AC +2) [potion of mutation]
 50910 | Zot:5    | Got the Orb of Zot
 51686 | D:$      | Escaped with the Orb!

Illustrated notes

Levels and vault maps discovered:
D:1:      nagdon_arrival_zigzag_paths, layout_basic,
          shapermc_ecumenical_altar_hornbeckon
D:2:      minmay_recursive_quarters, layout_basic, serial_shops, shop_fountains,
          serial_bayou_lagoon_b, uniq_terence
D:3:      minmay_chambers_of_twos, layout_loops_cross, roderic_roman_lattice,
          uniq_sigmund
D:4:      layout_loops_cross, xom_confusion_cloud,
          nicolae_qazlal_style_of_elements, nicolae_elyvilon_peaceful_grove,
          nicolae_dithmenos_shadow_blocks, lemuel_coloured_pillars_altar,
          uniq_eustachio
D:5:      layout_cave_pools, mainiacjoe_overflow_tiny_flanked,
          mainiacjoe_overflow_paths, chequers_arboretum
D:6:      layout_cave_pools, ebering_ghost_rock_garden, uniq_edmund
D:7:      layout_rooms, gammafunk_temple_overflow_wave,
          minmay_temple_entry_large_hall, enter_bailey_3,
          minmay_shattered_shrine, uniq_crazy_yiuf_cottage
D:8:      layout_gridville, lemuel_tele_altar, nicolae_wu_jian_wuxing_cycle,
          due_lair_maze_entry_diamond
D:9:      layout_roguey, mainiacjoe_overflow_concentric_impassable,
          mainiacjoe_overflow_catwalk, orc_0_dummy
D:10:     layout_loops_ring, nicolae_sextant, nicolae_water_bricks,
          uniq_josephine, uniq_joseph
D:11:     layout_rooms, eino_house_with_fridge
D:12:     layout_grid_maze, minmay_splitting_lines, uniq_gastronok
D:13:     layout_basic, trove_entry_hex_spiral
D:14:     layout_loops_ring, erik_vaults_1, serial_shops, shop,
          minmay_staircase_windowed_small
D:15:     hellmonk_depths_entry_around_the_bend, layout_cave_pools,
          nicolae_vehumet_altar_sigil, minmay_parallelograms, uniq_louise
Lair:1:   layout_misc_corridors, nicolae_volcano_entry_two_sided,
          grunt_forest_stairs_basic, lemuel_fruit_fields, serial_bayou_shore_a
Lair:2:   layout_roguey, gauntlet_entry_generic, chequers_serial_rivers_small_3,
          grunt_megastairs_5, uniq_urug
Lair:3:   layout_cave_pods, swamp_mist_pool, minmay_snake_entry_six_corridors,
          uniq_nessos, uniq_snorg, uniq_rupert
Lair:4:   layout_loops_ring, chequers_serial_rivers_small_a,
          guppyfry_lair_drakes
Lair:5:   evilmike_catoblepas_cave, layout_loops_ring, slime_entry_1,
          minivault_11, minivault_27
Swamp:1:  layout_basic_swamp, evilmike_swamp_ruin_rubble_2, swamp_pool5,
          hangedman_swamp_grove, uniq_roxanne
Swamp:2:  cheibrodos_swamp_heart_of_darkness, layout_basic_swamp,
          nicolae_swamp_trees_clearing
Swamp:3:  layout_falls_marsh, hangedman_swamp_lotus, uniq_kirke
Swamp:4:  swamp_icy, layout_basic_swamp, infiniplex_staircase_pool_2
Snake:1:  layout_chambers, serial_shops, nicolae_lakefront_shop
Snake:2:  layout_grid_shapes, serial_bayou_ford_a
Snake:3:  layout_basic, nicolae_coiled_stairwell_up, uniq_bai_suzhen,
          uniq_vashnia
Snake:4:  grunt_snake_rune_spirals, layout_onion, serial_shops, shop, uniq_aizul
Slime:1:  layout_caves
Slime:2:  layout_caves
Slime:3:  layout_caves
Slime:4:  layout_caves
Slime:5:  slime_pit_nicolae_inversion
Orc:1:    layout_caves
Orc:2:    st_orc_congregation, layout_diamond_mine, basic_altar, uniq_erolcha
Elf:1:    layout_geoelf_octagon, serial_shops, shop,
          nicolae_shop_tiny_statue_garden, nicolae_shop_rolling_square,
          minmay_elf_annihilation, hex_large
Elf:2:    nicolae_elf_blades_splatter_lattice [nicolae_blade_entry_antechamber],
          layout_gridlike, basic_altar, uniq_jorgrun, uniq_norris
Elf:3:    grunt_elf_hall_asides, layout_onion_city, uniq_saint_roka
Vaults:1: serial_ice_b, v_alt_pattern_6, nicolae_vaults_storage_room_statues,
          v_pattern_4, nicolae_vaults_diagonal_hallway_7,
          nicolae_vaults_wine_cellar, nicolae_vaults_trapezoid_lopsided_3,
          nicolae_vaults_storage_closets_3, ontoclasm_vaults_decontamination,
          nicolae_vaults_door_testing_chamber,
          nicolae_vaults_trapezoid_lopsided_2, nicolae_vaults_double_plus_1,
          nicolae_vaults_sesquioval_fish, nicolae_vaults_little_squares_5,
          grunt_vaults_diagonal, layout_vaults_omnibox, uniq_nikola,
          uniq_asterion, uniq_zenata
Vaults:2: minmay_crypt_entry_skeletal_spiral, nicolae_vaults_octothorpe,
          nicolae_vaults_layer_cake_slice, nicolae_vaults_security_offices_1,
          nicolae_vaults_sesquioval_fish, v_misc_17, dpeg_vaults_monster_box,
          grunt_vaults_swirl, nicolae_vaults_network_s,
          nicolae_vaults_tetromino_Z_1, v_misc_29, nicolae_vaults_circle_grid_a,
          nicolae_vaults_double_plus_1, nicolae_vaults_alarming,
          layout_vaults_quadrants, serial_shops, nicolae_shop_trees, uniq_boris
Vaults:3: nicolae_vaults_diamond_1, ontoclasm_vaults_bender,
          hangedman_vaults_stagger, v_misc_9, nicolae_vaults_house_2,
          vaults_room_fancy_cross, v_pattern_1, nicolae_vaults_mitosis,
          nicolae_vaults_stand_back, v_misc_3, nicolae_vaults_two_Ls,
          ontoclasm_vaults_chip, nicolae_vaults_little_squares_4,
          layout_vaults_maze_snakey, uniq_sojobo
Vaults:4: nicolae_vaults_weapon_check, nicolae_vaults_off_center_swirl,
          v_misc_10, dpeg_vaults_monster_row, nicolae_vaults_trapezoid_1,
          layout_vaults_big_room, serial_shops, shop
Crypt:1:  layout_gridlike, special_room [special_room_morgue],
          mu_enter_wizlab_7, minmay_misc_feat_cross,
          serial_sigils_hangedman_carve, chequers_hall_statues_wall_a,
          skrybe_necro_troll_2
Crypt:2:  layout_gridlike
Crypt:3:  church_of_pain_bobbens, layout_chaotic_city,
          tomb_entry_simple_bobbens, hex_tiny, minmay_misc_feat_hallway,
          grunt_ministairs_1
Depths:1: minmay_nine_rooms, layout_basic, hangedman_coc_ice_floe,
          kennysheep_pointless_box, kennysheep_treasure_room,
          serial_bayou_shore_b, minmay_shop_grove
Depths:2: hellmonk_ruined_rings, layout_small_grid, enter_ziggurat_b,
          grunt_pan_entry_zigzag, serial_shops, shop, hell_entry,
          cheibriados_altar_1, infiniplex_staircase_zigzag_2,
          kennysheep_random_hallway
Depths:3: minmay_the_grid_four_pointed_star_mashed
          [minmay_the_grid_triangle_9x9_sprig,
          minmay_the_grid_triangle_9x9_minimal,
          minmay_the_grid_triangle_9x9_subtriangle,
          minmay_the_grid_triangle_9x9_descending_squares,
          minmay_the_grid_prize_shrinking_boxes], layout_cave_shapes,
          lightli_too_deep, lemuel_crystal_altar, abyss_entry_flame_altar,
          nicolae_uskayaw_suspiria, uniq_margery, uniq_enchantress
Depths:4: lemuel_castle_with_subvaults [lemuel_castle_interior_carwin_3],
          layout_basic, hellmouth_1, serial_bayou_shore_b
Zot:1:    kennysheep_bubbly, layout_misc_corridors,
          regret_index_zotdec_decaying_vile
Zot:2:    layout_cathedral_of_symmetry, st_stairs_9, hangedman_player_shredder
Zot:3:    layout_gridlike, grunt_megastairs_1
Zot:4:    layout_misc_corridors, regret_index_zot_stipple_split
Zot:5:    layout_onion

Skill      XL: |  1  2  3  4  5  6  7  8  9 10 11 12 13 14 15 16 17 18 19 20 21 22 23 24 25 26 |
---------------+-------------------------------------------------------------------------------+-----
Maces & Flails | 2 3 4 5 7 9 10 12 14 16 | 16.0
Fighting       | 3 4 5 6 8 9 12 15 17 18 19 20 21 22 24 25 | 25.1
Evocations     | 1 4 8 |  8.0
Shields        | 4 9 12 13 14 16 18 19 21 22 23 25 | 25.6
Armour         | 5 10 12 14 16 18 20 21 23 24 26 | 26.8
Axes           | 4 11 14 15 | 15.6

Action                     |  1- 3 |  4- 6 |  7- 9 | 10-12 | 13-15 | 16-18 | 19-21 | 22-24 | 25-27 || total
---------------------------+-------+-------+-------+-------+-------+-------+-------+-------+-------++-------
  Melee: Flail             |   114 |    86 |   237 |    96 |       |       |       |       |       ||   533
         Tailslap          |     8 |     6 |    36 |    59 |   192 |   208 |   208 |   437 |   186 ||  1340
         Pseudopods        |       |       |    27 |    84 |   171 |   197 |   233 |   592 |    75 ||  1379
         Bite              |       |       |    21 |       |       |   150 |    58 |    58 |    32 ||   319
         Morningstar       |       |       |       |   320 |  1029 |   233 |       |       |       ||  1582
         Kick              |       |       |       |    88 |   119 |       |   408 |       |       ||   615
         Broad axe         |       |       |       |       |       |   832 |  1098 |  1754 |   863 ||  4547
  Throw: Dart              |       |       |     4 |       |       |       |       |       |       ||     4
         Javelin           |       |       |       |       |       |       |       |     4 |       ||     4
 Invoke: Slimify           |       |       |     2 |     2 |     1 |       |     1 |     1 |       ||     7
         Oozemancy         |       |       |     1 |       |    13 |     7 |    12 |     4 |     3 ||    40
  Evoke: Wand              |       |       |       |     5 |     2 |     4 |     1 |     1 |     2 ||    15
         Lightning rod     |       |       |       |     4 |       |     2 |       |       |       ||     6
         Phantom mirror    |       |       |       |     2 |     1 |     1 |     1 |       |       ||     5
         Phial of floods   |       |       |       |       |     1 |       |       |       |       ||     1
         Tin of tremorston |       |       |       |       |       |     2 |     2 |       |     2 ||     6
    Use: Potion            |     1 |       |     1 |     3 |     5 |     3 |       |     6 |     6 ||    25
         Scroll            |       |     6 |     1 |     2 |    14 |     7 |     8 |     4 |     5 ||    47
   Stab: Invisible         |       |       |       |     1 |     3 |       |       |       |       ||     4
         Confused          |       |       |       |       |     1 |     1 |     5 |     4 |       ||    11
         Distracted        |       |       |       |       |       |       |     2 |       |     1 ||     3
 Armour: Scale mail        |    98 |       |       |   129 |   343 |     1 |       |       |       ||   571
         Chain mail        |     2 |    71 |   310 |   158 |       |       |       |       |       ||   541
         Storm dragon scal |       |       |       |       |       |   499 |   250 |       |       ||   749
         Plate armour      |       |       |       |       |       |    56 |       |       |       ||    56
         Gold dragon scale |       |       |       |       |       |       |   256 |   996 |   397 ||  1649
  Dodge: Dodged            |    51 |    21 |    79 |    90 |    76 |    70 |    98 |   218 |    90 ||   793
  Block: Buckler           |    33 |    13 |    59 |    41 |       |       |       |       |       ||   146
         Tower shield      |       |       |       |   189 |  1375 |  1251 |  1105 |  2017 |   894 ||  6831
         Reflection        |       |       |       |     1 |    71 |   159 |    66 |    23 |    59 ||   379

Table legend: (Time is in decaauts)
 A = Elapsed time spent in this place.
 B = Non-inter-level travel time spent in this place.
 C = Inter-level travel time spent in this place.
 D = Time resting spent in this place.
 E = Time spent auto-exploring this place.
 F = Levels seen in this place.
 G = Mean time per level.
                   A        B        C        D        E       F      G
               +--------+--------+--------+--------+--------+-----+--------+
         Total |  53624 |  43411 |  10213 |    716 |  30891 |  56 |  957.6 |
       Dungeon |  13454 |  10140 |   3314 |    165 |   8051 |  15 |  896.9 |
          Lair |   4950 |   4091 |    859 |     13 |   3113 |   5 |  990.0 |
         Swamp |   2996 |   2735 |    261 |     50 |   1901 |   4 |  749.0 |
     Snake Pit |   4184 |   3652 |    532 |     48 |   2628 |   4 | 1046.0 |
    Slime Pits |    653 |    264 |    389 |      0 |    240 |   5 |  130.6 |
  Orcish Mines |   1971 |   1192 |    779 |      0 |    699 |   2 |  985.5 |
   Elven Halls |   3390 |   2863 |    527 |     95 |   1959 |   3 | 1130.0 |
        Vaults |   4713 |   4293 |    420 |     21 |   3190 |   4 | 1178.2 |
         Crypt |   3299 |   3046 |    253 |      0 |   2062 |   3 | 1099.7 |
        Depths |   6233 |   4865 |   1368 |      0 |   3193 |   4 | 1558.2 |
           Zot |   6811 |   5304 |   1507 |    323 |   3450 |   5 | 1362.2 |
        Bailey |    333 |    333 |      0 |      0 |    168 |   1 |  333.0 |
      Gauntlet |    631 |    631 |      0 |      0 |    232 |   1 |  631.0 |
               +--------+--------+--------+--------+--------+-----+--------+

Top non-repeatable levels by time:
Depths:4: 2196 daAuts
   Zot:1: 1837 daAuts
Depths:1: 1624 daAuts
   Elf:3: 1603 daAuts
Vaults:2: 1594 daAuts
   Zot:2: 1418 daAuts
   Zot:3: 1384 daAuts
  Lair:3: 1384 daAuts
   Zot:5: 1373 daAuts
 Snake:4: 1363 daAuts
Depths:2: 1353 daAuts
 Snake:1: 1323 daAuts
 Crypt:3: 1321 daAuts
   Orc:2: 1321 daAuts
    D:15: 1244 daAuts
